 Dungeon Crawl Stone Soup version 0.30-a0-292-g0f741e3f8e (webtiles) character file.

Game seed: 17245661497915200961

6444 hikkokomori the Fighter (level 10, -2/97 HPs)
             Began as a Gargoyle Berserker on Oct 18, 2022.
             Was a High Priest of Trog.
             Slain by an orc warrior
             ... wielding a +1 battleaxe of flaming
              (18 damage)
             ... on level 9 of the Dungeon.
             The game lasted 00:20:26 (8629 turns).

hikkokomori the Fighter (Gargoyle Berserker)        Turns: 8629, Time: 00:20:27

Health: -2/97      AC: 25    Str: 29    XL:     10   Next: 99%
Magic:  10/10      EV: 10    Int:  8    God:    Trog [*****.]
Gold:   516        SH:  5    Dex: 11    Spells: 9/9 levels left

rFire   . . .      SeeInvis .    A - +1 war axe
rCold   . . .      Faith    +    H - +1 buckler {AC+3}
rNeg    + . .      Spirit   .    p - +0 chain mail
rPois   ∞          Reflect  .    f - +0 helmet
rElec   +          Harm     .    I - scarf {+Inv}
rCorr   .          Rampage  .    y - +0 pair of gloves
Will    .....                    B - +0 pair of boots
Stlth   ..........               g - amulet of faith
HPRegen 0.36/turn                C - +6 ring of strength
MPRegen 0.12/turn                (no ring)

@: berserking, very quick
A: sickness immunity, AC +7, negative energy resistance 1, electricity
resistance, torment resistance 1, petrification resistance
a: Renounce Religion, Evoke Invisibility, Berserk, Trog's Hand, Brothers in Arms


You were on level 9 of the Dungeon.
You worshipped Trog.
Trog was extremely pleased with you.
You visited 1 branch of the dungeon, and saw 9 of its levels.
You also visited: Ossuary and Bailey.

You collected 516 gold pieces.

Inventory:

Hand Weapons
 a - a +0 hand axe
 l - a +2 flail of holy wrath
 A - a +1 war axe (weapon)
 F - a +3 vampiric lajatang
 G - the +8 dagger of Jayliaki {vorpal, rN+ Int+4}
   (You found it in a bailey)

   It inflicts extra damage upon your enemies.
   Int:       It affects your intelligence (+4).
   rN:        It protects you from negative energy.
Missiles
 z - 3 javelins (quivered)
Armour
 b - a +0 animal skin
 f - a +0 helmet (worn)
 p - a +0 chain mail (worn)
 y - a +0 pair of gloves (worn)
 B - a +0 pair of boots (worn)
 D - a +4 ring mail of positive energy
 H - a +1 buckler of protection (worn)
 I - a scarf of invisibility (worn)
Jewellery
 c - a ring of see invisible
 g - an amulet of faith (around neck)
 w - a ring of ice
 C - a +6 ring of strength (left hand)
Wands
 u - a wand of polymorph (13)
 x - a wand of iceblast (3)
Scrolls
 d - 2 scrolls of teleportation
 e - 7 scrolls of identify
 k - 3 scrolls of blinking
 t - a scroll of enchant weapon
 J - a scroll of fog
Potions
 h - 2 potions of resistance
 i - 4 potions of attraction
 j - 4 potions of magic
 m - 3 potions of haste
 n - 3 potions of lignification
 o - 2 potions of cancellation
 q - 3 potions of brilliance
 r - 2 potions of flight
 s - 2 potions of heal wounds
 v - 2 potions of curing
 E - a potion of mutation


   Skills:
 + Level 8.6 Fighting
 + Level 7.1 Axes
 - Level 6.0 Throwing
 + Level 8.1 Armour
 + Level 6.2 Dodging
 * Level 3.5 Shields
 + Level 1.2 Evocations


You had 9 spell levels left.
You didn't know any spells.
Your spell library was empty.

Dungeon Overview and Level Annotations

Branches:
Dungeon (9/15)             Temple (0/1) D:6         Ossuary (visited)
 Bailey (visited)
   Lair: D:8-11         Orc: D:9-12

Altars:
Dithmenos
Elyvilon
Kikubaaqudgha
Makhleb
Ru
Trog
Xom
Zin


Innate Abilities, Weirdness & Mutations

You are immune to sickness and miasma.
Your stone body is resilient. (AC +7)
You are immune to poison.
You resist negative energy. (rN+)
You are resistant to electric shocks. (rElec)
You are resistant to unholy torment.
You are immune to petrification.


Message History

An orc warrior is nearby!
You closely miss the orc warrior.
The orc warrior is moderately wounded.
The orc warrior hits you with a +1 battleaxe of flaming!
The orc warrior burns you.
The orc warrior hits you with a +1 battleaxe of flaming.
The orc warrior burns you.
An orc warrior is nearby!
You are too injured to fight recklessly!
Unknown command.
A red film seems to cover your vision as you go berserk!
You feel yourself moving faster!
You feel mighty!
The orc warrior hits you with a +1 battleaxe of flaming!
The orc warrior burns you.
You barely miss the orc warrior.
The orc warrior is moderately wounded.
The orc warrior hits you with a +1 battleaxe of flaming.
The orc warrior burns you.
You slash the orc warrior!
The orc warrior is heavily wounded.
You closely miss the orc warrior.
The orc warrior is heavily wounded.
You block the orc warrior's attack.
You barely miss the orc warrior.
The orc warrior is heavily wounded.
The orc warrior hits you with a +1 battleaxe of flaming!
* * * LOW HITPOINT WARNING * * *
The orc warrior burns you.
* * * LOW HITPOINT WARNING * * *
You barely miss the orc warrior.
The orc warrior is heavily wounded.
The orc warrior barely misses you.
Unknown command.
You barely miss the orc warrior.
The orc warrior is heavily wounded.
Unknown command.
You barely miss the orc warrior.
The orc warrior is heavily wounded.
The orc warrior hits you with a +1 battleaxe of flaming!!
You die...

...................<.............
.................................
.................................
..............................###
............................#.#
............................# #
............................#
..........^.....).......##+##
................@o.....?#
......................#'#
......................#
......................#
.>....................#
...)................#'#
....................#...
................##+## ..
................#


You could see an orc warrior (strong).

Vanquished Creatures
  2 two-headed ogres
  A death yak (D:8)
  A gargoyle (Bailey)
  Joseph (D:7)
  A vampire (Bailey)
  A wyvern (D:8)
  Edmund (D:6)
  2 water moccasins (D:7)
  2 sky beasts (D:7)
  A black bear (D:6)
  An ice beast (D:8)
  2 centaurs
  3 phantoms
  A kobold brigand (D:7)
  2 bullfrogs
  An elf zombie (Ossuary)
  2 scorpions (D:6)
  8 wights
  4 killer bees (D:8)
  6 vampire bats (Bailey)
  4 howler monkeys
  4 wolf zombies (Bailey)
  6 centaur zombies (Ossuary)
  A crimson imp (D:3)
  5 human zombies (Ossuary)
  2 jellies
  2 hounds (D:5)
  3 orc priests
  3 gnoll boudas
  3 orc wizards
  5 iguanas
  3 mummies (Ossuary)
  11 gnolls
  7 adders
  A white imp (D:6)
  5 worms
  2 dart slugs
  22 orcs
  7 bats
  6 endoplasms
  A giant cockroach (D:3)
  9 goblins
  12 hobgoblins
  11 kobolds
  3 quokkas
  7 ball pythons
  4 frilled lizards
  17 orc zombies (Bailey)
  2 rats
211 creatures vanquished.

Notes
Turn   | Place    | Note
-------+----------+-------------------------------------------
     0 | D:1      | hikkokomori the Gargoyle Berserker began the quest for the
                  | Orb.
     0 | D:1      | Reached XP level 1. HP: 14/14 MP: 1/1
   183 | D:1      | Reached XP level 2. HP: 19/19 MP: 2/2
   980 | D:2      | Reached XP level 3. HP: 23/23 MP: 3/3
  1091 | D:2      | Reached ** piety under Trog
  1442 | D:3      | Found a white marble altar of Elyvilon.
  1461 | D:3      | Reached XP level 4. HP: 29/29 MP: 4/4
  1771 | D:3      | Found a shimmering altar of Xom.
  1771 | D:3      | Found a burning altar of Makhleb.
  1786 | D:3      | Reached skill level 1 in Throwing
  1786 | D:3      | Reached XP level 5. HP: 18/33 MP: 5/5
  2808 | D:4      | Reached *** piety under Trog
  2811 | D:4      | Reached XP level 6. HP: 39/39 MP: 6/6
  2996 | D:5      | Entered Level 5 of the Dungeon
  3470 | D:5      | Reached XP level 7. HP: 44/44 MP: 7/7
  3479 | D:5      | HP: 2/44 [gnoll/+0 spear[a gnoll bouda] (6)]
  3490 | D:5      | HP: 1/44 [gnoll/+0 spear[a gnoll bouda] (7)]
  3500 | D:5      | Reached skill level 5 in Fighting
  4508 | D:6      | Noticed Edmund
  4525 | D:6      | Killed Edmund
  4526 | D:6      | Reached XP level 8. HP: 37/50 MP: 8/8
  4562 | D:6      | Found a staircase to the Ecumenical Temple.
  4590 | D:6      | Found a sacrificial altar of Ru.
  4897 | D:6      | Reached skill level 5 in Armour
  5277 | D:6      | Noticed a two-headed ogre
  5285 | D:6      | Killed a two-headed ogre
  5286 | D:6      | Reached skill level 5 in Axes
  5286 | D:6      | Reached XP level 9. HP: 39/56 MP: 9/9
  5672 | D:7      | Found a sand-covered staircase.
  5680 | Ossuary  | Entered an ossuary
  5699 | Ossuary  | Reached **** piety under Trog
  6040 | D:7      | Noticed Joseph
  6056 | D:7      | Reached skill level 5 in Dodging
  6064 | D:7      | Killed Joseph
  6065 | D:7      | Reached skill level 5 in Throwing
  6529 | D:7      | Found a shadowy altar of Dithmenos.
  6529 | D:7      | Found a glowing silver altar of Zin.
  6530 | D:7      | Found an ancient bone altar of Kikubaaqudgha.
  6534 | D:7      | Reached XP level 10. HP: 60/63 MP: 10/10
  6653 | D:7      | Found a bloodstained altar of Trog.
  6971 | D:8      | Found a flagged portal.
  6997 | Bailey   | Entered a bailey
  7026 | Bailey   | Reached ***** piety under Trog
  7047 | Bailey   | Noticed a gargoyle
  7058 | Bailey   | Killed a gargoyle
  7306 | Bailey   | Identified the +8 dagger of Jayliaki {vorpal, rN+ Int+4}
  7791 | D:8      | Noticed a two-headed ogre
  7804 | D:8      | Killed a two-headed ogre
  8186 | D:9      | Noticed a death yak
  8189 | D:9      | Noticed a death yak
  8191 | D:9      | Noticed a death yak
  8192 | D:9      | Noticed a death yak
  8215 | D:8      | Killed a death yak
  8496 | D:9      | Reached skill level 1 in Evocations
  8629 | D:9      | Slain by an orc warrior

Illustrated notes

Levels and vault maps discovered:
D:1:      dpeg_arrival_boxes_within_box, layout_loops_corners,
          amcnicky_mini_corridor_feature
D:2:      layout_rooms
D:3:      minmay_diamond_boxcup, layout_loops_ring, elyvilon_altar_5,
          grunt_temple_overflow_champion_of_chaos, minmay_misc_feat_enclosed
D:4:      layout_loops_ring, fountainhead
D:5:      layout_basic
D:6:      minmay_chambers_of_fours, layout_basic, lemuel_doored_altar,
          minmay_temple_entry_fiery, chequers_serial_rivers_large_b,
          amethyst_killhole, nicolae_titane, uniq_edmund
D:7:      layout_basic, mainiacjoe_overflow_24_doors,
          gammafunk_temple_overflow_claw, nicolae_ossuary_entry_plus,
          uniq_joseph
D:8:      layout_loops_ring, enter_bailey_3
D:9:      nicolae_cairo_tiling_large, layout_long_grid,
          mainiacjoe_overflow_alcove_2, dpeg_lair_monsters

Skill      XL: |  1  2  3  4  5  6  7  8  9 10 |
---------------+-------------------------------+-----
Axes           | 3 4 5 6 7 |  7.1
Dodging        | 2 3 4 5 6 |  6.2
Fighting       | 4 5 6 7 8 |  8.6
Armour         | 3 4 6 7 8 |  8.1
Throwing       | 1 2 3 4 5 6 |  6.0
Shields        | 3 |  3.5
Evocations     | 1 |  1.2

Action                   |  1- 3 |  4- 6 |  7- 9 | 10-12 || total
-------------------------+-------+-------+-------+-------++-------
Melee: Hand axe          |   131 |   207 |   146 |       ||   484
       Punch             |       |     3 |     5 |     1 ||     9
       War axe           |       |       |   229 |   205 ||   434
       Lajatang          |       |       |       |     2 ||     2
Throw: Javelin           |       |     3 |     4 |     7 ||    14
Invok: Berserk           |       |     4 |     5 |     4 ||    13
       Trog's Hand       |       |       |     1 |     1 ||     2
Evoke: Wand              |       |       |     2 |     1 ||     3
  Use: Potion            |       |       |     6 |     1 ||     7
       Scroll            |       |       |    13 |     6 ||    19
 Stab: Sleeping          |       |     1 |       |       ||     1
Armor: Animal skin       |    54 |    16 |       |       ||    70
       Chain mail        |       |    85 |   358 |   179 ||   622
       Skin              |       |       |    11 |       ||    11
Dodge: Dodged            |    94 |   108 |   235 |   151 ||   588
Block: Buckler           |       |       |       |    28 ||    28

Table legend: (Time is in decaauts)
 A = Elapsed time spent in this place.
 B = Non-inter-level travel time spent in this place.
 C = Inter-level travel time spent in this place.
 D = Time resting spent in this place.
 E = Time spent auto-exploring this place.
 F = Levels seen in this place.
 G = Mean time per level.
                   A        B        C        D        E       F      G
               +--------+--------+--------+--------+--------+-----+--------+
         Total |   8915 |   8515 |    400 |    863 |   5546 |  11 |  810.5 |
       Dungeon |   8085 |   7685 |    400 |    822 |   5098 |   9 |  898.3 |
       Ossuary |    276 |    276 |      0 |      0 |    172 |   1 |  276.0 |
        Bailey |    553 |    553 |      0 |     40 |    276 |   1 |  553.0 |
               +--------+--------+--------+--------+--------+-----+--------+

Top non-repeatable levels by time:
     D:6: 1392 daAuts
     D:5: 1243 daAuts
     D:7: 1125 daAuts
     D:8: 1099 daAuts
     D:3: 920 daAuts
     D:1: 884 daAuts
     D:4: 853 daAuts
  Bailey: 553 daAuts
     D:2: 398 daAuts
 Ossuary: 276 daAuts
     D:9: 166 daAuts
